 Dungeon Sprint DCSS version 0.17-a0-1508-ge7f3dc3 (webtiles) character file.

62 Kidiri the Sneak (level 3, -9/16 HPs)
             Began as a Spriggan Enchanter on July 10, 2015.
             Splashed by an oklob sapling's acid (13 damage)
             ... in the Dungeon (Sprint IV: "Fedhas' Mad Dash").
             The game lasted 00:01:19 (214 turns).

Kidiri the Sneak (Spriggan Enchanter)                Turns: 214, Time: 00:01:20

Health: -9/16      AC:  3    Str:  4    XL:     3   Next: 85%
Magic:  7/9        EV: 20    Int: 16    God:
Gold:   42         SH:  0    Dex: 17    Spells: 4 memorised, 1 level left

rFire  . . .     SeeInvis +     a - +1 dagger
rCold  . . .     Clarity  .     b - +1 robe
rNeg   . . .     SustAt   .     (shield restricted)
rPois  .         Gourm    .     (helmet restricted)
rElec  .         Spirit   .     (no cloak)
rCorr  .         Warding  .     (gloves unavailable)
rMut   .         NoTele   +     (boots unavailable)
MR     .....                    (no amulet)
Stlth  ++++......               (no ring)
                                k - ring of invisibility

@: very slightly contaminated, invisible, very quick, not resistant to hostile
enchantments, stealthy
A: unfitting armour, see invisible, herbivore 3, speed 3, slow metabolism 2
a: Turn Visible


You were in the Dungeon.
You were not hungry.

You visited 1 branch You collected 42 gold pieces.

Inventory:

Hand weapons
 a - a +1 dagger (weapon)
Armour
 b - a +1 robe (worn)
Jewellery
 k - a ring of invisibility (left hand)
Scrolls
 j - a scroll of blinking
Potions
 e - a potion of curing
 f - a potion of heal wounds
 g - a potion of haste
 h - 2 potions of magic
 i - a potion of berserk rage
 l - a potion of degeneration {unknown}
Books
 c - a book of Maledictions

   Spells                             Type                      Level
   a - Corona                         Hexes                        1
   b - Ensorcelled Hibernation        Hexes/Ice                    2
   c - Confuse                        Hexes                        3
   d - Tukima's Dance                 Hexes                        3
   e - Dazzling Spray                 Conjuration/Hexes            3
Comestibles
 d - 2 bread rations


   Skills:
 + Level 3.1 Short Blades
 + Level 5.2 Dodging
 * Level 7.8 Stealth
 + Level 4.4 Spellcasting
 + Level 5.0 Hexes
 + Level 1.6 Ice Magic
 + Level 0.0 Evocations


You had one spell level left.
You knew the following spells:

 Your Spells              Type           Power        Failure   Level  Hunger
a - Corona                Hex            ###....      1%          1    None
b - Ensorcelled Hibernat  Hex/Ice        ##....       10%         2    ##.....
c - Confuse               Hex            ###.....     8%          3    ###....
d - Tukima's Dance        Hex            ###.....     8%          3    ###....


Dungeon Overview and Level Annotations

Branches:
Dungeon (1/1)

Altars:

Annotations:
D exclusion: oklob sapling


Innate Abilities, Weirdness & Mutations

You are tiny and cannot use many weapons and most armour.
You have supernaturally acute eyesight.
You are a herbivore.
You cover ground extremely quickly.
You need consume almost no food.


Message History

Use which ability? (? or * to list)
You fail to use your ability.
Use which ability? (? or * to list)
You fail to use your ability.
Use which ability? (? or * to list)
You fade into invisibility!
You are very lightly contaminated with residual magic.
You feel somewhat more hungry.
You open the door.
There is an open door here.
You hit the oklob sapling but do no damage.
You see here 12 gold pieces.
You hit the oklob sapling but do no damage.
The oklob sapling spits acid at you. The splash of acid hits you!
Ouch! That really hurt!
* * * LOW HITPOINT WARNING * * *
The acid burns!
Ouch! That really hurt!
You die...

##################
#<..P#.....#.....#
#PP..'..%..'.#...+
#PPPP#.....#.#%..#
###############'##
+...# #@P$# #####


You could see an oklob sapling.

Vanquished Creatures
  A worker ant (D)
  An oklob sapling (D)
  A river rat (D)
  A rat (D)
4 creatures vanquished.

Notes
Turn   | Place    | Note
--------------------------------------------------------------
     0 | D        | Kidiri the Spriggan Enchanter began the quest for the Orb.
     0 | D        | Reached XP level 1. HP: 9/9 MP: 5/5
     8 | D        | Reached skill level 5 in Stealth
     8 | D        | Reached XP level 2. HP: 13/13 MP: 7/7
    17 | D        | Learned a level 2 spell: Ensorcelled Hibernation
   136 | D        | Noticed an oklob sapling
   159 | D        | Killed an oklob sapling
   159 | D        | Reached skill level 7 in Stealth
   159 | D        | Reached skill level 1 in Ice Magic
   159 | D        | Reached XP level 3. HP: 16/16 MP: 7/9
   164 | D        | Learned a level 3 spell: Confuse
   168 | D        | Learned a level 3 spell: Tukima's Dance
   179 | D        | Noticed a worker ant
   181 | D        | Killed a worker ant
   181 | D        | Reached skill level 5 in Dodging
   181 | D        | Reached skill level 5 in Hexes
   203 | D        | Noticed an oklob sapling
   214 | D        | Splashed by an oklob sapling's acid

Vault maps used:
D:        dungeon_sprint_fedhas

Action                   || total
-------------------------++-------
Melee: Dagger            ||     9
 Cast: Ensorcelled Hiber ||     1
 Abil: Evoke Invisibilit ||     1
 Stab: Sleeping          ||     2
       Distracted        ||     1
